 Dungeon Crawl Stone Soup version 0.23.2-33-g5129a83184 (webtiles) character file.

Game seed: 11711234428950091363

109080 t4s4d4r the Basher (level 16, 0/146 HPs)
             Began as a Minotaur Skald on July 2, 2019.
             Was the Champion of Makhleb.
             Killed from afar by Aizul (43 damage)
             ... with a poison arrow
             ... on level 2 of the Shoals.
             The game lasted 01:20:35 (28551 turns).

t4s4d4r the Basher (Minotaur Skald)                Turns: 28551, Time: 01:20:36

Health: 0/146      AC: 22    Str: 18    XL:     16   Next: 4%
Magic:  25/25      EV: 17    Int: 15    God:    Makhleb [******]
Gold:   356        SH: 10    Dex: 13    Spells: 16/29 levels left

rFire    . . .     SeeInvis .   I - +4 flail
rCold    + . .     Gourm    .   l - +1 buckler
rNeg     + . .     Faith    .   x - +0 pearl dragon scales
rPois    .         Spirit   .   e - +2 hat
rElec    .         Reflect  +   K - +2 cloak of the Great Game {rC+ rCorr Stlth+}
rCorr    +         Harm     .   V - +2 pair of gloves
MR       +....                  (no boots)
Stlth    +.........             u - +4 amulet of reflection
HPRegen  0.34/turn              R - +3 ring of strength
MPRegen  0.19/turn              W - +4 ring of evasion

@: lethally poisoned (0 -> -43), mesmerised, glowing
A: retaliatory headbutt, horns 2
a: Minor Destruction, Lesser Servant of Makhleb, Major Destruction, Greater
Servant of Makhleb, Renounce Religion


You were on level 2 of the Shoals.
You worshipped Makhleb.
Makhleb was exalted by your worship.
You were not hungry.

You visited 5 branches of the dungeon, and saw 26 of its levels.
You also visited: Sewer, Ossuary, Gauntlet and Ice Cave.

You collected 3277 gold pieces.
You spent 2921 gold pieces at shops.

Inventory:

Hand Weapons
 I - a +4 flail (weapon)
Missiles
 L - a throwing net (quivered)
Armour
 e - a +2 hat (worn)
 l - a +1 buckler (worn)
 x - +0 pearl dragon scales (worn)
 E - a +3 troll leather armour
 K - the +2 cloak of the Great Game (worn) {rC+ rCorr Stlth+}
   (You found it on level 8 of the Dungeon)

   It protects you from cold.
   It provides partial protection from all sources of acid and corrosion.
   It makes you more stealthy.
 V - a +2 pair of gloves (worn)
Jewellery
 s - an uncursed ring of ice
 u - a +4 amulet of reflection (around neck)
 w - an uncursed ring of poison resistance {unknown}
 C - an uncursed ring of fire
 R - a +3 ring of strength (left hand)
 S - an uncursed ring of flight
 W - a +4 ring of evasion (right hand)
Wands
 a - a wand of disintegration (31)
 f - a wand of scattershot (8)
 q - a wand of paralysis (6)
 H - a wand of polymorph (11)
 J - a wand of flame (17)
 M - a wand of iceblast (15)
 N - a wand of acid (15)
 O - a wand of clouds (6)
 Q - a wand of enslavement (5)
Scrolls
 g - 7 scrolls of magic mapping
 i - 2 scrolls of blinking
 m - 13 scrolls of remove curse
 n - 11 scrolls of teleportation
 o - a scroll of identify
 y - 3 scrolls of immolation
 B - a scroll of amnesia
 P - 2 scrolls of vulnerability
Potions
 b - a potion of berserk rage
 c - 6 potions of heal wounds
 h - 4 potions of ambrosia
 j - 5 potions of invisibility
 k - 13 potions of curing
 p - 2 potions of agility
 r - 10 potions of mutation
 t - 2 potions of lignification
 v - 3 potions of brilliance
 z - 3 potions of haste
 A - 6 potions of flight
 D - 4 potions of might
 F - a potion of resistance
 T - 2 potions of magic
 Z - a potion of cancellation
Miscellaneous
 Y - a sack of spiders
Comestibles
 d - 50 rations
 G - 4 chunks of flesh


   Skills:
 - Level 14.0 Fighting
 - Level 14.9 Maces & Flails
 + Level 9.0 Armour
 - Level 7.5 Dodging
 - Level 4.0 Shields
 - Level 7.1 Spellcasting
 - Level 3.4 Hexes
 - Level 4.1 Charms
 - Level 6.5 Necromancy
 - Level 14.0 Invocations
 - Level 5.2 Evocations


You had 16 spell levels left.
You knew the following spells:

 Your Spells              Type           Power        Failure   Level  Hunger
a - Infusion              Chrm           ###.         8%          1    None
b - Song of Slaying       Chrm           ###.....     12%         2    None
c - Spectral Weapon       Hex/Chrm       ###.....     26%         3    ##.....
d - Regeneration          Chrm/Necr      ###.......   14%         3    ##.....
e - Animate Dead          Necr           N/A          28%         4    ####...

Your spell library contained the following spells:

 Spells                   Type           Power        Failure   Level  Hunger
 Animate Skeleton         Necr           N/A          3%          1    None
 Pain                     Necr           ###.         3%          1    None
 Vampiric Draining        Necr           ###.......   9%          3    ##.....
 Corona                   Hex            ###....      11%         1    None
 Shroud of Golubria       Chrm/Tloc      ##........   26%         2    None
 Confuse                  Hex            ###.....     30%         3    ##.....
 Tukima's Dance           Hex            ###.....     30%         3    ##.....
 Ensorcelled Hibernation  Hex/Ice        ##....       32%         2    None
 Freeze                   Ice            #...         38%         1    None
 Sandblast                Erth           #.....       38%         1    None
 Summon Small Mammal      Summ           #...         38%         1    None
 Ozocubu's Armour         Chrm/Ice       ##......     47%         3    ##.....
 Call Imp                 Summ           #.......     54%         2    None
 Passwall                 Tmut/Erth      #.......     54%         2    None
 Throw Frost              Conj/Ice       #.....       54%         2    None
 Dazzling Spray           Conj/Hex       ##....       54%         3    ##.....
 Summon Guardian Golem    Hex/Summ       ##......     54%         3    ##.....
 Cause Fear               Hex            ###.......   71%         4    ####...
 Call Canine Familiar     Summ           #.......     77%         3    ##.....
 Stone Arrow              Conj/Erth      #.....       77%         3    ##.....
 Petrify                  Tmut/Erth      #.......     99%         4    ####...
 Summon Ice Beast         Ice/Summ       #.......     99%         4    ####...
 Summon Lightning Spire   Summ/Air       #.......     99%         4    ####...
 Throw Icicle             Conj/Ice       #.......     99%         4    ####...
 Silence                  Hex/Air        ##........   99%         5    #####..
 Yara's Violent Unravell  Hex/Tmut       ##........   99%         5    #####..
 Lee's Rapid Deconstruct  Erth           #.........   100%        5    #####..
 Deflect Missiles         Chrm/Air       ##........   100%        6    #######
 Discord                  Hex            ###.......   100%        8    #######


Dungeon Overview and Level Annotations

Branches:
Dungeon (15/15)            Temple (1/1) D:4            Lair (6/6) D:11
 Shoals (2/4) Lair:3        Snake (0/4) Lair:2          Orc (2/2) D:12
    Elf (0/3) Orc:2        Vaults (0/5) D:14         Depths (0/5) D:15
  Slime: Lair:5-6

Altars:
Ashenzari
Cheibriados
Elyvilon
Hepliaklqana
Kikubaaqudgha
Makhleb
Okawaru
Ru
Sif Muna
Trog
Vehumet
Xom
Yredelemnul
The Shining One
Beogh

Shops:
Orc:2 %?([

Portals:
Trove: D:14 (give 8 potions of haste)

Annotations:
D:4 3 runed translucent doors, psyvane's ghost, novice MfSk
D:7 Joseph; Prince Ribbit
D:9 2 runed translucent doors
Lair:3 1 runed translucent door
Lair:5 3 runed translucent doors, exclusion: 4 oklob plants, Udakalatio's ghost, journeyman GrFi
Shoals:2 Aizul


Innate Abilities, Weirdness & Mutations

You reflexively headbutt those who attack you in melee.
You have a pair of horns on your head.


Message History

It bursts into flame!
The satyr shoots an arrow.
The arrow hits your balrug!!
The merfolk siren chants its luring song.
You bludgeon the faun!!
You kill the faun!
Makhleb accepts your kill.
You feel better.
You hear a splash. x3
Your Armour skill increases to level 9!
You feel sick. Aizul hits you but does no damage.
Your balrug hits Aizul with a +1 demon whip of venom!
Aizul is engulfed in flames!!
Your green death gestures at Aizul.
The bolt of poison misses Aizul.
You hit Aizul.
Aizul is almost dead.
You feel sick.
Aizul coils herself and waves her upper body at you.
The poison arrow hits you!!!
You are lethally poisoned!
You die...

≈.......≈≈≈≈≈≈≈
....(.≈≈≈≈≈≈≈≈≈≈.......
≈....((≈≈≈≈≈.≈≈..≈≈≈≈.≈
≈≈≈≈(≈§..≈...≈≈≈.≈≈≈≈≈≈
≈≈≈≈≈≈.......≈≈≈≈....≈≈≈
≈≈≈≈≈≈m..≈......≈...≈≈≈.
≈≈≈≈≈cS))...<..≈....≈≈≈.
≈≈≈≈..2@2....≈≈....≈≈≈..
≈≈≈≈.≈≈≈((..#.≈.##.≈≈...
≈≈≈≈..≈≈≈≈((##≈.##..).#.
≈.≈≈≈≈≈≈≈≈.............≈
≈≈≈≈≈≈......≈.....###.≈≈
≈≈≈≈≈.......≈≈....##.≈≈≈
≈≈≈≈..####..≈≈(....#.≈≈≈
≈≈≈... ##.≈≈≈......≈≈≈
..... #..≈..≈..≈≈≈.≈≈


You could see Aizul, a satyr, a merfolk siren, a friendly balrug and a friendly
green death.

Vanquished Creatures
  A kraken (Shoals:1)
  An orc warlord (Orc:1)
  A dire elephant (D:15)
  A merfolk impaler (Shoals:1)
  A great orb of eyes (D:15)
  2 ogre magi
  6 hydras
  Erolcha (Orc:1)
  3 vault guards (D:14)
  A merfolk aquamancer (Shoals:2)
  A death knight (D:13)
  A merfolk avatar (Lair:6)
  4 centaur warriors
  A catoblepas (D:15)
  14 two-headed ogres
  A tengu warrior (D:15)
  14 death yaks
  2 unseen horrors
  4 sea snakes
  2 deep trolls
  2 necromancers (D:14)
  A wizard (D:14)
  A wolf spider zombie (D:15)
  Pikel (D:7)
  An orc knight (Orc:1)
  A deep elf mage (D:12)
  9 ugly things
  2 fauns
  3 manticores
  4 cyclopes
  7 elephants
  A black mamba (Lair:4)
  A water nymph (Shoals:1)
  A water nymph (shapeshifter) (D:13)
  2 ice statues (IceCv)
  2 merfolk sirens (Shoals:1)
  A gargoyle (D:15)
  4 centaur skeletons
  6 rime drakes (Lair:6)
  11 spiny frogs
  5 yaktaurs (D:15)
  An efreet (D:15)
  2 kobold demonologists
  8 komodo dragons
  2 ice devils (D:15)
  2 freezing wraiths
  17 trolls
  6 merfolk
  4 wind drakes
  2 hornets
  5 snapping turtles
  4 polar bears
  7 hippogriffs
  4 slime creatures
  8 blink frogs
  4 dream sheep (Lair:6)
  2 shadows (D:15)
  4 wyverns
  40 yaks
  2 wraiths
  4 water elementals
  19 humans (D:14)
  A steam dragon (Lair:5)
  3 basilisks
  3 hungry ghosts
  12 water moccasins
  3 wargs (Orc:1)
  Menkaure (D:5)
  3 nagas (Lair:2)
  2 acid dragons
  4 porcupines
  2 swamp drakes (Lair:5)
  A sky beast (D:5)
  2 black bears
  8 ice beasts
  A slave (D:7)
  Purgy (Sewer)
  21 orc warriors
  An eye of draining (D:14)
  27 ogres
  A phantom (D:8)
  17 wolves
  8 centaurs
  11 crocodiles
  4 big kobolds
  14 bullfrogs
  2 gnoll sergeants (D:6)
  5 scorpions
  12 killer bees
  13 wights
  7 electric eels
  A howler monkey (D:4)
  6 crimson imps
  2 bullfrog zombies
  A gnoll shaman (D:6)
  3 quasits
  3 centaur zombies
  3 jellies
  13 hounds
  25 orc wizards
  11 orc priests
  5 bullfrog skeletons
  Ijyb (D:5)
  5 iguanas
  9 worker ants
  6 hell rats (Lair:4)
  A big kobold zombie (Ossuary)
  2 hound skeletons
  4 mummies (Ossuary)
  A worker ant zombie (D:11)
  9 gnolls
  15 adders
  2 river rats (Lair:4)
  4 shadow imps
  An ooze (D:5)
  An adder zombie (D:9)
  A worm (D:2)
  A dart slug (D:3)
  6 leopard geckos
  73 orcs
  11 giant cockroaches
  5 goblins
  10 hobgoblins
  10 jackals
  22 kobolds
  6 quokkas
  3 ball pythons
  10 bats
  4 frilled lizards
  A gnoll zombie (Ossuary)
  A goblin zombie (Ossuary)
  A hobgoblin zombie (Ossuary)
  A jackal zombie (D:8)
  A kobold zombie (Ossuary)
  An orc zombie (Ossuary)
  15 rats
  A tentacle (Shoals:1)
783 creatures vanquished.

Vanquished Creatures (collateral kills)
  Donald (Shoals:2)
  2 two-headed ogres (Orc:2)
  2 fauns
  A manticore (Shoals:1)
  2 merfolk (Shoals:1)
  A troll (Orc:2)
  3 snapping turtles (Shoals:1)
  3 ogres (Orc:2)
  A gnoll (Orc:2)
  2 tentacles (Shoals:1)
18 creatures vanquished.

Vanquished Creatures (others)
  A sea snake (Shoals:1)
  A troll (Orc:2)
  A sky beast (D:12)
  An ice beast (D:7)
  A slave (D:7)
  A hound (D:7)
  An orc (Orc:2)
  A bush (Lair:6)
  14 demonic plants (Gauntlet)
  16 fungi
  18 plants
  57 spectral weapons
  3 tentacles (Shoals:1)
116 creatures vanquished.

Grand Total: 917 creatures vanquished

Notes
Turn   | Place    | Note
-------+----------+-------------------------------------------
     0 | D:1      | t4s4d4r the Minotaur Skald began the quest for the Orb.
     0 | D:1      | Reached XP level 1. HP: 18/18 MP: 1/1
   241 | D:1      | Reached XP level 2. HP: 24/25 MP: 3/3
   401 | D:1      | Learned a level 2 spell: Song of Slaying
   679 | D:2      | Reached XP level 3. HP: 29/30 MP: 4/4
   803 | D:2      | Found an iron altar of Okawaru.
   852 | D:2      | Reached skill level 5 in Maces & Flails
  1036 | D:2      | Reached XP level 4. HP: 37/37 MP: 5/5
  1050 | D:2      | Found a faded altar of an unknown god.
  1793 | D:3      | Found an ancient bone altar of Kikubaaqudgha.
  2069 | D:3      | Reached XP level 5. HP: 37/42 MP: 6/6
  2348 | D:4      | Noticed an ogre
  2364 | D:4      | Killed an ogre
  2364 | D:4      | Reached XP level 6. HP: 35/50 MP: 1/7
  2521 | D:4      | Found a staircase to the Ecumenical Temple.
  2522 | D:4      | Found a deep blue altar of Sif Muna.
  2564 | Temple   | Entered the Ecumenical Temple
  2602 | Temple   | Became a worshipper of Makhleb the Destroyer
  2823 | D:4      | Found a runed translucent gate.
  2823 | D:4      | Found a runed translucent gate.
  2823 | D:4      | Noticed psyvane's ghost (novice MfSk)
  2824 | D:4      | Found a runed translucent gate.
  3276 | D:5      | Entered Level 5 of the Dungeon
  3420 | D:5      | Noticed Menkaure
  3428 | D:5      | Killed Menkaure
  3433 | D:5      | Learned a level 3 spell: Spectral Weapon
  3450 | D:5      | Noticed Ijyb
  3500 | D:5      | Killed Ijyb
  3500 | D:5      | Reached XP level 7. HP: 53/56 MP: 8/8
  3694 | D:5      | Found a basalt altar of Yredelemnul.
  3857 | D:5      | Found a bloodstained altar of Trog.
  3941 | D:5      | Reached * piety under Makhleb
  3953 | D:5      | Found a glowing drain.
  3957 | Sewer    | Entered a sewer
  3987 | Sewer    | Noticed Purgy
  3999 | Sewer    | Killed Purgy
  4258 | D:5      | Found a white marble altar of Elyvilon.
  4258 | D:5      | Found a faded altar of an unknown god.
  4263 | D:5      | Found a faded altar of an unknown god.
  4265 | D:5      | Found a snail-covered altar of Cheibriados.
  4266 | D:5      | Found a shattered altar of Ashenzari.
  4428 | D:6      | Reached skill level 1 in Hexes
  4575 | D:5      | Reached XP level 8. HP: 56/66 MP: 4/10
  4801 | D:6      | Found a radiant altar of Vehumet.
  4867 | D:6      | Reached skill level 1 in Shields
  5528 | D:6      | Reached ** piety under Makhleb
  5862 | D:6      | Reached skill level 10 in Maces & Flails
  6461 | D:7      | Reached XP level 9. HP: 71/71 MP: 6/11
  6479 | D:7      | Found a sacrificial altar of Ru.
  6510 | D:7      | Found a sand-covered staircase.
  6517 | Ossuary  | Entered an ossuary
  6895 | D:7      | Noticed Pikel
  6931 | D:7      | Killed Pikel
  7011 | D:7      | Found a shimmering altar of Xom.
  7389 | D:7      | Reached *** piety under Makhleb
  7461 | D:7      | Noticed Prince Ribbit
  7464 | D:7      | Noticed Joseph
  8211 | D:8      | Got a fine cloak
  8340 | D:8      | Reached skill level 5 in Fighting
  8546 | D:8      | Identified the +2 cloak of the Great Game {rC+ rCorr
                  | Stlth+} (You found it on level 8 of the Dungeon)
  8550 | D:9      | Noticed a two-headed ogre
  8628 | D:7      | Reached skill level 5 in Armour
  8897 | D:9      | Killed a two-headed ogre
  8897 | D:9      | Reached skill level 5 in Dodging
  8897 | D:9      | Reached XP level 10. HP: 59/84 MP: 3/12
  8981 | D:9      | Found a runed translucent door.
  9408 | D:9      | Found a runed translucent door.
  9527 | D:10     | Entered Level 10 of the Dungeon
  9821 | D:10     | Reached **** piety under Makhleb
 10551 | D:11     | Reached XP level 11. HP: 95/95 MP: 8/13
 10592 | D:11     | Reached skill level 1 in Invocations
 10592 | D:11     | Reached skill level 1 in Evocations
 10733 | D:11     | Found a staircase to the Lair.
 10839 | D:11     | Noticed a two-headed ogre
 10848 | D:11     | Killed a two-headed ogre
 11415 | D:11     | Noticed a two-headed ogre
 11415 | D:11     | Noticed a purple ugly thing
 11457 | D:10     | Killed a two-headed ogre
 11623 | D:11     | Killed an unseen horror
 11856 | D:12     | Reached skill level 5 in Invocations
 11945 | D:12     | You fall through a shaft for 2 floors!
 12057 | D:14     | Killed an unseen horror
 12057 | D:14     | Reached skill level 5 in Evocations
 12156 | D:14     | Found a basalt altar of Yredelemnul.
 12245 | D:14     | Found a hazy altar of Hepliaklqana.
 12262 | D:14     | Found a gate leading to a gauntlet.
 12271 | D:14     | Found a portal to a secret trove of treasure.
 12295 | Gauntlet | Entered a Gauntlet
 12295 | Gauntlet | Found a transporter.
 12295 | Gauntlet | Found a transporter.
 12295 | Gauntlet | Found a transporter.
 12295 | Gauntlet | Found a transporter.
 12295 | Gauntlet | Noticed a soul eater
 12315 | Gauntlet | Found a transporter.
 12350 | Gauntlet | Found a transporter.
 12364 | Gauntlet | Found a transporter.
 12375 | Gauntlet | Found a transporter.
 12377 | Gauntlet | Found a large runed translucent door.
 12378 | Gauntlet | Found a large runed translucent door.
 12379 | Gauntlet | Found a large runed translucent door.
 12379 | Gauntlet | Found a large runed translucent door.
 12379 | Gauntlet | Found a runed translucent door.
 12379 | Gauntlet | Found a runed translucent door.
 12380 | Gauntlet | Found a large runed translucent door.
 12381 | Gauntlet | Found a large runed translucent door.
 12382 | Gauntlet | Found a large runed translucent door.
 12382 | Gauntlet | Found a large runed translucent door.
 12383 | Gauntlet | Found a runed translucent gate.
 12383 | Gauntlet | Found a runed translucent gate.
 12383 | Gauntlet | Found a runed translucent gate.
 12385 | Gauntlet | Found a transporter.
 12394 | Gauntlet | Found a large runed translucent door.
 12394 | Gauntlet | Found a large runed translucent door.
 12395 | Gauntlet | Found a large runed translucent door.
 12396 | Gauntlet | Found a large runed translucent door.
 12400 | Gauntlet | Found a transporter.
 12406 | Gauntlet | Found a transporter.
 12406 | Gauntlet | Noticed a catoblepas
 12420 | Gauntlet | Found a transporter.
 12471 | Gauntlet | Found a large runed translucent door.
 12472 | Gauntlet | Found a large runed translucent door.
 12473 | Gauntlet | Found a large runed translucent door.
 12473 | Gauntlet | Found a large runed translucent door.
 12516 | D:13     | Noticed a centaur warrior
 12516 | D:13     | Noticed a six-headed hydra
 12516 | D:13     | Noticed a two-headed ogre
 12596 | D:14     | Learned a level 3 spell: Regeneration
 12607 | D:14     | Reached ***** piety under Makhleb
 13147 | D:14     | Noticed a necromancer
 13178 | D:14     | Reached XP level 12. HP: 105/105 MP: 10/15
 13217 | D:14     | Noticed a vault guard
 13232 | D:14     | Noticed a vault guard
 13232 | D:14     | Noticed a vault guard
 13263 | D:14     | Killed a vault guard
 13263 | D:14     | Reached skill level 10 in Fighting
 13301 | D:14     | Killed a vault guard
 13358 | D:14     | Killed a vault guard
 13439 | D:14     | Found a gate to the Vaults.
 13611 | Lair:1   | Entered Level 1 of the Lair of Beasts
 14317 | Lair:1   | Noticed a four-headed hydra
 14329 | Lair:1   | Killed a four-headed hydra
 14805 | Lair:2   | Found a staircase to the Snake Pit.
 15540 | Lair:3   | Reached XP level 13. HP: 73/117 MP: 7/18
 15849 | Lair:3   | Found a staircase to the Shoals.
 15997 | Lair:3   | Found a runed translucent door.
 17312 | Lair:5   | Reached ****** piety under Makhleb
 17470 | Lair:5   | Reached skill level 10 in Invocations
 18070 | Lair:5   | Found a runed translucent gate.
 18071 | Lair:5   | Found a runed translucent gate.
 18072 | Lair:5   | Found a runed translucent gate.
 18072 | Lair:5   | Noticed Udakalatio's ghost (journeyman GrFi)
 18465 | Lair:5   | Noticed a green death
 18469 | Lair:6   | Entered Level 6 of the Lair of Beasts
 18530 | Lair:6   | HP: 4/119 [manticore (14)]
 19313 | Lair:6   | Paralysed by a hornet for 2 turns
 19575 | Lair:6   | Reached XP level 14. HP: 125/129 MP: 19/22
 21936 | D:12     | Found a glowing golden altar of the Shining One.
 22151 | D:12     | Found a staircase to the Orcish Mines.
 22207 | D:12     | Identified a scroll of acquirement
 22212 | D:12     | You fall through a shaft for 3 floors!
 22212 | D:15     | Entered Level 15 of the Dungeon
 22212 | D:15     | Found a frozen archway.
 22255 | IceCv    | Entered an ice cave
 22381 | IceCv    | Found a transporter.
 22395 | IceCv    | Found a transporter.
 22975 | D:14     | Learned a level 4 spell: Animate Dead
 23663 | D:13     | Reached skill level 1 in Necromancy
 23663 | D:13     | Reached XP level 15. HP: 98/138 MP: 24/24
 24530 | Orc:1    | Entered Level 1 of the Orcish Mines
 24662 | D:15     | Found a staircase to the Depths.
 25249 | Orc:2    | Entered Level 2 of the Orcish Mines
 25249 | Orc:2    | Noticed Erolcha
 25268 | Orc:1    | Killed Erolcha
 25290 | Orc:1    | Reached skill level 5 in Spellcasting
 25450 | Orc:1    | Found a roughly hewn altar of Beogh.
 26026 | Orc:2    | Found a roughly hewn altar of Beogh.
 26084 | Orc:1    | Reached skill level 5 in Necromancy
 26249 | Orc:2    | Found Jees's Magic Scroll Emporium.
 26292 | Orc:2    | Noticed an orc warlord
 26362 | Orc:1    | Killed an orc warlord
 26526 | Orc:2    | Found a staircase to the Elven Halls.
 26687 | Orc:2    | Found Gezunen's Antique Armour Boutique.
 26692 | Orc:2    | Found Zaicro's Food Shoppe.
 26693 | Orc:2    | Found Minusch's Weapon Emporium.
 26929 | Orc:2    | Bought a scroll of enchant weapon for 112 gold pieces
 26929 | Orc:2    | Bought a scroll of teleportation for 45 gold pieces
 26929 | Orc:2    | Bought a scroll of blinking for 112 gold pieces
 26929 | Orc:2    | Bought a scroll of magic mapping for 52 gold pieces
 26934 | Orc:2    | Bought pearl dragon scales for 2600 gold pieces
 27091 | Shoals:1 | Entered Level 1 of the Shoals
 27879 | Shoals:1 | Noticed a kraken
 27891 | Shoals:1 | Killed a kraken
 28478 | Shoals:2 | Reached XP level 16. HP: 136/146 MP: 23/25
 28522 | Shoals:2 | Noticed Donald
 28536 | Shoals:2 | Noticed Aizul
 28538 | Shoals:2 | Killed Donald
 28551 | Shoals:2 | Killed from afar by Aizul

Skill      XL: |  1  2  3  4  5  6  7  8  9 10 11 12 13 14 15 16 |
---------------+-------------------------------------------------+-----
Maces & Flails | 3 4 5 6 7 9 11 12 13 14 | 14.9
Fighting       | 4 6 8 9 11 13 14 | 14.0
Armour         | 3 6 8 9 |  9.0
Hexes          | 1 2 3 |  3.4
Spellcasting   | 2 3 7 |  7.1
Charms         | 3 4 |  4.1
Shields        | 4 |  4.0
Dodging        | 5 7 |  7.5
Invocations    | 5 8 12 14 | 14.0
Evocations     | 5 |  5.2
Necromancy     | 1 6 |  6.5

Action                   |  1- 3 |  4- 6 |  7- 9 | 10-12 | 13-15 | 16-18 || total
-------------------------+-------+-------+-------+-------+-------+-------++-------
Melee: Mace              |    74 |   123 |   482 |   919 |  1717 |       ||  3315
       Headbutt          |    11 |    13 |    72 |   177 |   457 |     7 ||   737
       Unarmed           |       |    33 |       |       |       |       ||    33
       Flail             |       |       |       |       |   221 |    26 ||   247
 Cast: Infusion          |     4 |     4 |    25 |    35 |     7 |       ||    75
       Spectral Weapon   |       |       |     3 |    29 |   126 |     1 ||   159
       Regeneration      |       |       |       |       |     2 |       ||     2
       Animate Dead      |       |       |       |       |     1 |       ||     1
Invok: Greater Servant o |       |       |       |       |     5 |     2 ||     7
       Major Destruction |       |       |       |       |       |     1 ||     1
Evoke: Wand              |       |     1 |       |     7 |    16 |       ||    24
       Sack of spiders   |       |       |       |       |     1 |       ||     1
  Use: Scroll            |       |    10 |     9 |    13 |    22 |       ||    54
       Potion            |       |       |     1 |       |     1 |     2 ||     4
 Stab: Sleeping          |       |       |     1 |     5 |     5 |       ||    11
       Distracted        |       |       |       |     3 |    16 |     1 ||    20
       Confused          |       |       |       |       |     3 |       ||     3
  Eat: Chunk             |     1 |     4 |    15 |    23 |    46 |     1 ||    90
       Ration            |       |     1 |     1 |     2 |     6 |       ||    10
Armor: Leather armour    |    21 |    42 |   136 |   107 |       |       ||   306
       Troll leather arm |       |       |       |   175 |   548 |       ||   723
       Pearl dragon scal |       |       |       |       |    87 |    11 ||    98
Dodge: Dodged            |    52 |    86 |   217 |   524 |  1407 |    15 ||  2301
Block: Other             |       |     3 |    45 |       |       |       ||    48
       Buckler           |       |       |    85 |   355 |   942 |    22 ||  1404
       Reflection        |       |       |     5 |     4 |    35 |     8 ||    52
